 Dungeon Crawl Stone Soup version 0.27-a0-1202-ge72e491 (webtiles) character file.

Game seed: 14377832913720980637

107 Meow the Stinger (level 4, -6/40 HPs)
             Began as a Naga Venom Mage on June 1, 2021.
             Mangled by a gnoll
             ... wielding a +0 flail
              (10 damage)
             ... on level 2 of the Dungeon.
             The game lasted 00:04:26 (1696 turns).

Meow the Stinger (Naga Venom Mage)                  Turns: 1696, Time: 00:04:27

Health: -6/40      AC:  2    Str: 11    XL:     4   Next: 86%
Magic:  2/8        EV:  9    Int: 16    God:
Gold:   89         SH:  0    Dex: 11    Spells: 2/9 levels left

rFire    . . .     SeeInvis +   a - +0 quarterstaff
rCold    . . .     Faith    .   (shield currently unavailable)
rNeg     . . .     Spirit   .   e - +0 robe
rPois    +         Reflect  .   (no helmet)
rElec    .         Harm     .   (no cloak)
rCorr    +         Rampage  .   (no gloves)
Will     .....                  (no barding)
Stlth    ++........             (no amulet)
HPRegen  0.13/turn              f - ring of resist corrosion
MPRegen  0.11/turn              (no ring)

@: very slow
A: AC +1, large, see invisible, deformed body, poison resistance, slowness 2,
spit poison 1, naga tail 1
a: Spit Poison


You were on level 2 of the Dungeon.
You visited 1 branch of the dungeon, and saw 2 of its levels.

You collected 89 gold pieces.

Inventory:

Hand Weapons
 a - a +0 quarterstaff (weapon)
 d - a +0 club
Missiles
 b - 98 stones (quivered)
Armour
 e - a +0 robe (worn)
 l - a +0 kite shield
Jewellery
 f - a ring of resist corrosion (left hand)
Scrolls
 c - a scroll of blinking {unknown}
 h - a scroll of brand weapon {unknown}
 m - a scroll of amnesia {unknown}
Potions
 g - a potion of curing {unknown}
 i - a potion of flight {unknown}
 j - a potion of heal wounds {unknown}
 k - a potion of might {unknown}
 n - a potion of brilliance {unknown}


   Skills:
 + Level 2.3 Fighting
 - Level 1.5 Dodging
 - Level 3.0 Stealth
 + Level 3.0 Spellcasting
 + Level 2.2 Conjurations
 - Level 1.0 Transmutations
 - Level 4.0 Poison Magic


You had 2 spell levels left.
You knew the following spells:

 Your Spells              Type           Power      Damage    Failure   Level
a - Sting                 Tmut/Pois      40%        1d5       7%          1
c - Mephitic Cloud        Conj/Pois/Air  9%         N/A       24%         3
C - Ignite Poison         Fire/Tmut/Pois 7%         N/A       28%         3

Your spell library contained the following spells:

 Spells                   Type           Power      Damage    Failure   Level
 Poisonous Vapours        Pois/Air       16%        N/A       12%         2
 Olgreb's Toxic Radiance  Pois           15%        N/A       34%         4


Dungeon Overview and Level Annotations

Branches:
Dungeon (2/15)

Altars:
Ru


Innate Abilities, Weirdness & Mutations

Your serpentine skin is tough. (AC +1)
You have supernaturally acute eyesight. (SInv)
Armour fits poorly on your strangely shaped body.
Your system is resistant to poisons. (rPois)
You cover ground very slowly.
You can spit poison.
You have a snake-like lower body.


Message History

Press: ? - help, Shift-Dir - straight line, f/p - gnoll
Aim: a gnoll, wielding a +0 spear (almost dead, very poisoned, 75% to hit)
The sting hits the gnoll.
The gnoll looks as sick as possible!
You kill the gnoll!
Unknown command.
Casting: Sting (safe; 7% risk of failure)
Confirm with . or Enter, or press ? or * to list all spells.
Aiming: Sting (safe; 7% risk of failure)
Press: ? - help, Shift-Dir - straight line, f - gnoll
Aim: a gnoll, wielding a +0 flail (75% to hit)
The sting hits the gnoll but does no damage.
The gnoll is poisoned.
Unknown command.
You closely miss the gnoll. The gnoll hits you with a +0 flail!
Unknown command.
You hit the gnoll but do no damage.
The gnoll is lightly wounded.
The gnoll barely misses you.
You barely miss the gnoll.
The gnoll is lightly wounded.
A gnoll comes into view. It is wielding a +0 whip.
The gnoll closely misses you.
You barely miss the gnoll.
The gnoll is lightly wounded.
The gnoll shouts!
The gnoll looks more healthy.
The gnoll hits you with a +0 flail! The gnoll hits you but does no damage.
You barely miss the gnoll.
The gnoll is moderately wounded.
The gnoll hits you with a +0 flail.
* * * LOW HITPOINT WARNING * * *
You closely miss the gnoll.
The gnoll is moderately wounded.
The gnoll barely misses you.
You barely miss the gnoll.
The gnoll is moderately wounded.
The gnoll hits you with a +0 flail!
* * * LOW HITPOINT WARNING * * *
The gnoll hits you with a +0 flail!
You die...

.## #..............### ..##
###................. ...##
...#.#..#######......## ....##
...##.#..##### ##.....# .....##
#...#..#......# ##...##
......##...##.##......### #...#
#......#...#...#........###...#
##........##.#.#.<##.)..##....#
##.......#.†###@###....##....#
##.....##....#g# #....##....#
##....#..##[#g# #....##....#
##..##...###.# #....##....#
##.'..#...#.# #....#)....#
##########.# #....#...#.# ..#
######...#.# ### #...#.#
#...#.#


You could see 2 gnolls.

Vanquished Creatures
  2 gnolls (D:2)
  4 adders (D:2)
  2 worms (D:2)
  4 endoplasms
  2 giant cockroaches (D:1)
  3 goblins
  7 hobgoblins
  10 jackals
  A kobold (D:1)
  2 ball pythons (D:1)
  3 frilled lizards (D:1)
  4 rats
44 creatures vanquished.

Notes
Turn   | Place    | Note
-------+----------+-------------------------------------------
     0 | D:1      | Meow the Naga Venom Mage began the quest for the Orb.
     0 | D:1      | Reached XP level 1. HP: 15/15 MP: 3/3
   301 | D:1      | Reached XP level 2. HP: 18/24 MP: 1/5
   401 | D:1      | Reached skill level 1 in Conjurations
   434 | D:1      | Reached skill level 1 in Fighting
   819 | D:2      | Found a sacrificial altar of Ru.
   821 | D:2      | Reached XP level 3. HP: 31/31 MP: 4/6
   832 | D:2      | Learned a level 3 spell: Mephitic Cloud
   867 | D:2      | Learned a level 3 spell: Ignite Poison
  1226 | D:2      | Reached XP level 4. HP: 26/39 MP: 5/8
  1364 | D:2      | Found a faded altar of an unknown god.
  1696 | D:2      | Mangled by a gnoll

Illustrated notes

Levels and vault maps discovered:
D:1:      dpeg_arrival_boxorama, layout_loops_ring, grunt_decor_junction
D:2:      minmay_razor_zed, layout_basic, basic_ecumenical_altar, basic_altar

Skill      XL: |  1  2  3  4 |
---------------+-------------+-----
Conjurations   | 1 2 |  2.2
Fighting       | 1 2 |  2.3
Spellcasting   | 3 |  3.0
Dodging        | |  1.5
Stealth        | |  3.0
Transmutations | |  1.0
Poison Magic   | |  4.0

Action                   |  1- 3 |  4- 6 || total
-------------------------+-------+-------++-------
Melee: Quarterstaff      |    17 |    41 ||    58
Throw: Stone             |     6 |       ||     6
 Cast: Sting             |    26 |    14 ||    40
 Abil: Spit Poison       |    24 |    10 ||    34
Armor: Robe              |     6 |     7 ||    13
Dodge: Dodged            |    16 |    23 ||    39

Table legend: (Time is in decaauts)
 A = Elapsed time spent in this place.
 B = Non-inter-level travel time spent in this place.
 C = Inter-level travel time spent in this place.
 D = Time resting spent in this place.
 E = Time spent auto-exploring this place.
 F = Levels seen in this place.
 G = Mean time per level.
                   A        B        C        D        E       F      G
               +--------+--------+--------+--------+--------+-----+--------+
         Total |   2127 |   2122 |      5 |    468 |   1296 |   2 | 1063.5 |
       Dungeon |   2127 |   2122 |      5 |    468 |   1296 |   2 | 1063.5 |
               +--------+--------+--------+--------+--------+-----+--------+

Top non-repeatable levels by time:
     D:2: 1070 daAuts
     D:1: 1057 daAuts
